 Dungeon Crawl Stone Soup version 0.26.0-91-g99b343417d (webtiles) character file.

Game seed: 15742571530490438296

544 Hatywr the Cutter (level 7, -9/36 HPs)
             Began as a Kobold Enchanter on Feb 3, 2021.
             Was an Initiate of Kikubaaqudgha.
             Killed by divine providence
             ... invoked by an orc priest
              (13 damage)
             ... on level 5 of the Dungeon.
             The game lasted 00:12:35 (4867 turns).

Hatywr the Cutter (Kobold Enchanter)                Turns: 4867, Time: 00:12:36

Health: -9/36      AC:  5    Str:  5    XL:     7   Next: 52%
Magic:  9/10       EV: 16    Int: 16    God:    Kikubaaqudgha [......]
Gold:   154        SH:  0    Dex: 18    Spells: 4/10 levels left

rFire    x . .     SeeInvis .   l - +2 dagger (speed)
rCold    + . .     Faith    .   (shield restricted)
rNeg     . . .     Spirit   .   b - +0 robe
rPois    .         Reflect  .   s - +0 helmet
rElec    .         Harm     .   (no cloak)
rCorr    .         Rampage  .   o - +0 pair of gloves
Will     .....                  h - +0 pair of boots
Stlth    ++++......             (no amulet)
HPRegen  0.12/turn              f - ring of ice
MPRegen  0.12/turn              (no ring)

@: no status effects
A: small, nightstalker 3
a: Renounce Religion


You were on level 5 of the Dungeon.
You worshipped Kikubaaqudgha.
Kikubaaqudgha was noncommittal.
You visited 2 branches of the dungeon, and saw 6 of its levels.

You collected 154 gold pieces.

Inventory:

Hand Weapons
 a - a +1 dagger
 l - a +2 dagger of speed (weapon)
Armour
 b - a +0 robe (worn)
 h - a +0 pair of boots (worn)
 o - a +0 pair of gloves (worn)
 s - a +0 helmet (worn)
Jewellery
 f - a ring of ice (left hand)
 n - an uncursed ring of fire {unknown}
 q - an uncursed ring of ice
 r - an uncursed ring of stealth {unknown}
 A - a +6 ring of dexterity {unknown}
Wands
 x - a wand of flame (17)
 z - a wand of iceblast (7)
Scrolls
 i - 4 scrolls of identify {unknown}
 j - 2 scrolls of noise {unknown}
 m - 2 scrolls of random uselessness {unknown}
 p - 2 scrolls of blinking {unknown}
 t - a scroll of fog {unknown}
 u - 4 scrolls of teleportation {unknown}
 w - a scroll of remove curse {unknown}
 y - a scroll of fear {unknown}
Potions
 c - 2 potions of magic {unknown}
 d - 3 potions of degeneration {unknown}
 e - 2 potions of flight {unknown}
 g - a potion of attraction {unknown}
 k - 2 potions of mutation {unknown}
 v - a potion of curing {unknown}


   Skills:
 * Level 7.4 Short Blades
 - Level 3.0 Dodging
 - Level 4.2 Stealth
 - Level 2.1 Spellcasting
 + Level 4.9 Hexes
 - Level 2.0 Ice Magic


You had 4 spell levels left.
You knew the following spells:

 Your Spells              Type           Power        Failure   Level
a - Corona                Hex            18%          2%          1
b - Ensorcelled Hibernat  Hex/Ice        38%          8%          2
c - Confusing Touch       Hex            17%          8%          3

Your spell library contained the following spells:

 Spells                   Type           Power        Failure   Level
 Tukima's Dance           Hex            17%          8%          3
 Dazzling Flash           Conj/Hex       18%          22%         3


Dungeon Overview and Level Annotations

Branches:
Dungeon (5/15)             Temple (1/1) D:4

Altars:
Ashenzari
Cheibriados
Dithmenos
Elyvilon
Fedhas
Hepliaklqana
Kikubaaqudgha
Makhleb
Nemelex Xobeh
Qazlal
Ru
Sif Muna
Trog
Vehumet
Wu Jian
Xom
Yredelemnul
Zin
The Shining One


Innate Abilities, Weirdness & Mutations

You are small and have problems with some larger weapons.
You are completely attuned to the shadows.


Message History

2 gnolls come into view.
The gnoll shouts! x2; You hear a shout!
A gnoll comes into view. It is wielding a +0 club.
You hear a shout!
The gnoll shouts!
The gnoll misses you.
A gnoll shaman comes into view. It is wielding a +2 vampiric whip.
The gnoll misses you. The gnoll closely misses you.
The orc priest mumbles some strange prayers to Beogh against you.
Beogh smites you!
The orc priest mumbles some strange prayers to Beogh against you.
Beogh smites you!
* * * LOW HITPOINT WARNING * * *
The gnoll hits you with a +0 club.
* * * LOW HITPOINT WARNING * * *
The gnoll misses you.
The orc priest calls down the wrath of Beogh upon you.
Beogh smites you!
You die...
Kikubaaqudgha rasps: "You have failed me!
Welcome... death!"

....##.##.....#
#...#.)...#
##.##.#.....
#....###.....
##....#.#....
#####...........#
........#......)#.#
.###...###........#
###@###....#.#..
#...##..##o..
#..goo..# ....
#..gg..###.##.
#.........#
...........#
.#...........
.........#.
....##.#


You could see 2 orc priests and 3 gnolls.

Vanquished Creatures
  A water moccasin skeleton (D:4)
  A howler monkey (D:4)
  A hound (D:4)
  4 iguanas (D:4)
  A jelly (D:5)
  An orc wizard (D:5)
  2 bullfrog skeletons (D:4)
  4 worker ants (D:4)
  2 adders (D:2)
  2 oozes (D:4)
  A worm (D:4)
  2 dart slugs
  4 leopard geckos
  6 orcs
  7 bats
  13 giant cockroaches
  9 goblins
  4 hobgoblins
  3 jackals
  A quokka (D:4)
  5 frilled lizards
  6 kobolds
  A quokka skeleton (D:4)
  3 rats
84 creatures vanquished.

Notes
Turn   | Place    | Note
-------+----------+-------------------------------------------
     0 | D:1      | Hatywr the Kobold Enchanter began the quest for the Orb.
     0 | D:1      | Reached XP level 1. HP: 10/10 MP: 3/3
   233 | D:1      | Reached XP level 2. HP: 10/15 MP: 5/5
   257 | D:1      | Learned a level 2 spell: Ensorcelled Hibernation
   691 | D:1      | Reached skill level 2 in Short Blades
   780 | D:1      | Reached XP level 3. HP: 19/19 MP: 6/6
  1377 | D:2      | Reached skill level 3 in Short Blades
  1591 | D:2      | Reached XP level 4. HP: 24/24 MP: 7/7
  2816 | D:3      | Reached skill level 4 in Short Blades
  3149 | D:4      | Reached XP level 5. HP: 28/28 MP: 8/8
  3203 | D:4      | Reached skill level 1 in Ice Magic
  3300 | D:4      | Reached skill level 5 in Short Blades
  3377 | D:4      | Reached XP level 6. HP: 32/32 MP: 4/9
  3697 | D:4      | Learned a level 3 spell: Confusing Touch
  3759 | D:4      | Reached skill level 6 in Short Blades
  3802 | D:4      | Found a staircase to the Ecumenical Temple.
  3808 | Temple   | Entered the Ecumenical Temple
  4058 | Temple   | Became a worshipper of Kikubaaqudgha
  4132 | D:4      | Reached XP level 7. HP: 36/36 MP: 10/10
  4178 | D:4      | Found a shadowy altar of Dithmenos.
  4440 | D:4      | Reached skill level 7 in Short Blades
  4637 | D:5      | Entered Level 5 of the Dungeon
  4867 | D:5      | Killed from afar by an orc priest

Illustrated notes

Levels and vault maps discovered:
D:1:      lightli_arrival_noodles, layout_basic, minmay_misc_feat_roman,
          roderic_roman_lattice, minmay_pentomino_q4
D:2:      minmay_roachtagon, layout_basic, kennysheep_generic_room_10
D:3:      layout_basic, nicolae_gozag_seed_capital, uniq_robin
D:4:      layout_loops_ring, marbit_many_paths, minmay_temple_entry_glass
D:5:      corexii_shack_village, layout_cave_pools
Temple:   eino_narrow_crystal_temple

Skill      XL: |  1  2  3  4  5  6  7 |
---------------+----------------------+-----
Dodging        | 3 |  3.0
Short Blades   | 2 3 4 5 6 7 |  7.4
Ice Magic      | 1 2 |  2.0
Hexes          | 4 |  4.9
Stealth        | |  4.2
Spellcasting   | |  2.1

Action                   |  1- 3 |  4- 6 |  7- 9 || total
-------------------------+-------+-------+-------++-------
Melee: Dagger            |   139 |   125 |    39 ||   303
 Cast: Ensorcelled Hiber |     6 |     8 |     8 ||    22
       Corona            |       |     1 |       ||     1
 Stab: Sleeping          |    14 |    30 |    10 ||    54
Armor: Robe              |    34 |    19 |     3 ||    56
Dodge: Dodged            |   146 |    52 |    20 ||   218
